 Dungeon Crawl Stone Soup version 0.22.1-2-g9c5b331 (webtiles) character file.

95 nuthulu the Shield-Bearer (level 4, -9/28 HPs)
             Began as a Gargoyle Fighter on Jan 1, 2019.
             Blown up by Ijyb (21 damage)
             ... with a wand of disintegration (11)
             ... on level 3 of the Dungeon.
             The game lasted 00:03:08 (1856 turns).

nuthulu the Shield-Bearer (Gargoyle Fighter)        Turns: 1856, Time: 00:03:09

Health: -9/28      AC: 10    Str: 20    XL:     4   Next: 66%
Magic:  4/4        EV:  7    Int:  9    God:
Gold:   101        SH:  9    Dex:  9    Spells: 3/3 levels left

rFire    . . .     SeeInvis .   a - +0 flail
rCold    . . .     Gourm    .   c - +0 shield
rNeg     + . .     Faith    .   b - +0 scale mail
rPois    ∞         Spirit   .   (no helmet)
rElec    +         Reflect  .   (no cloak)
rCorr    .         Harm     .   (no gloves)
MR       .....                  (no boots)
Stlth    ..........             (no amulet)
HPRegen  0.09/turn              (no ring)
MPRegen  0.09/turn              (no ring)

@: no status effects
A: negative energy resistance 1, electricity resistance, unbreathing,
petrification resistance, rot immunity, AC +3
a: no special abilities


You were on level 3 of the Dungeon.
You were very hungry.

You visited 1 branch of the dungeon, and saw 3 of its levels.

You collected 101 gold pieces.

Inventory:

Hand Weapons
 a - a +0 flail (weapon)
Armour
 b - a +0 scale mail (worn)
 c - a +0 shield (worn)
Jewellery
 m - an uncursed amulet of faith {unknown}
Wands
 g - a wand of digging (12)
Scrolls
 l - a scroll of remove curse
Potions
 d - 3 potions of might
 e - a potion of resistance
 h - a potion of flight {unknown}
 i - 2 potions of heal wounds {unknown}
 j - 2 potions of brilliance {unknown}
 k - a potion of curing {unknown}
Comestibles
 f - 7 rations


   Skills:
 - Level 3.2 Fighting
 + Level 3.6 Maces & Flails
 - Level 3.2 Armour
 + Level 4.7 Shields


You had 3 spell levels left.
You didn't know any spells.
Your spell library was empty.

Dungeon Overview and Level Annotations

Branches:
Dungeon (3/15)

Altars:
Cheibriados
Fedhas
Kikubaaqudgha
Sif Muna
Zin

Annotations:
D:3 Ijyb


Innate Abilities, Weirdness & Mutations

You are resistant to torment.
Your stone body is resilient. (AC +3)
You are immune to poison.
You resist negative energy. (rN+)
You are resistant to electric shocks. (rElec)
You can survive without breathing.
You are immune to petrification.
You are immune to rotting.


Message History

You now have 62 gold pieces (gained 8).
f - 7 rations (gained 1)
You now have 77 gold pieces (gained 15).
Found a stone staircase leading down and a stone staircase leading up.
You now have 85 gold pieces (gained 8).
m - a blackened golden amulet
Found a stone staircase leading up.
Found a shield.
Found a stone staircase leading down.
You now have 101 gold pieces (gained 16).
Found a helmet.
Ijyb the Twisted Goblin comes into view.
She is wielding an enchanted dagger.
Ijyb shouts!
Ijyb screams, "It's all mine!"
Ijyb zaps a wand.
You are blasted!
Ouch! That really hurt!
It is a wand of disintegration (11).
You completely miss Ijyb.
Ijyb zaps a wand.
You are blasted!
Ouch! That really hurt!
You die...

############
##..........#
.#..........#
.#..........#
............# ####
............# .....
.#..........######...#
.#..............@g.[.#
##...........#####..##
..........#### .#
.##.......# #
.#.......##
##.#.......
..........#
..#.......#
........<..


You could see Ijyb.

Vanquished Creatures
  Terence (D:2)
  3 adders (D:2)
  2 worms (D:2)
  A dart slug (D:1)
  A bat (D:2)
  A giant cockroach (D:2)
  2 goblins
  7 hobgoblins
  A quokka (D:3)
  A ball python (D:1)
  5 frilled lizards
  9 kobolds
  6 rats
40 creatures vanquished.

Notes
Turn   | Place    | Note
-------+----------+-------------------------------------------
     0 | D:1      | nuthulu the Gargoyle Fighter began the quest for the Orb.
     0 | D:1      | Reached XP level 1. HP: 14/14 MP: 1/1
   254 | D:1      | Reached XP level 2. HP: 18/19 MP: 2/2
   886 | D:2      | Reached XP level 3. HP: 21/23 MP: 3/3
   897 | D:2      | Found a deep blue altar of Sif Muna.
   900 | D:2      | Found an ancient bone altar of Kikubaaqudgha.
   909 | D:2      | Found a glowing silver altar of Zin.
   916 | D:2      | Found a snail-covered altar of Cheibriados.
   926 | D:2      | Reached skill level 4 in Shields
  1418 | D:2      | Reached XP level 4. HP: 28/28 MP: 4/4
  1447 | D:2      | Noticed Terence
  1457 | D:2      | Killed Terence
  1662 | D:2      | Found a blossoming altar of Fedhas.
  1852 | D:3      | Noticed Ijyb
  1856 | D:3      | Blown up by Ijyb

Skill      XL: |  1  2  3 |
---------------+----------+-----
Shields        | 4 |  4.7
Maces & Flails | 3 |  3.6
Fighting       | |  3.2
Armour         | |  3.2

Action                   |  1- 3 |  4- 6 || total
-------------------------+-------+-------++-------
Melee: Flail             |   163 |    13 ||   176
  Use: Scroll            |     5 |       ||     5
  Eat: Chunk             |     2 |       ||     2
Armor: Scale mail        |    61 |     5 ||    66
Dodge: Dodged            |    59 |     5 ||    64
Block: Shield            |    81 |     5 ||    86
